 Dungeon Crawl Stone Soup version 0.28-a0-751-gef3a642a4e (webtiles) character file.

Game seed: 9243393804579425012

725 quinnr the Zephyrmancer (level 7, -7/40 HPs)
             Began as a Tengu Air Elementalist on Oct 30, 2021.
             Killed from afar by an acid dragon (27 damage)
             ... with a splash of acid
             ... on level 5 of the Dungeon.
             The game lasted 00:13:07 (7236 turns).

quinnr the Zephyrmancer (Tengu Air Elementalist)    Turns: 7236, Time: 00:13:08

Health: -7/40      AC:  3    Str:  9    XL:     7   Next: 71%
Magic:  3/12       EV: 16    Int: 17    God:
Gold:   108        SH:  0    Dex: 14    Spells: 5/12 levels left

rFire   . . .      SeeInvis .   m - staff of cold
rCold   + . .      Faith    .   (no shield)
rNeg    . . .      Spirit   .   a - +0 robe
rPois   .          Reflect  .   (helmet restricted)
rElec   .          Harm     .   h - +0 cloak
rCorr   .          Rampage  .   (no gloves)
Will    .....                   (boots unavailable)
Stlth   ++........              (no amulet)
HPRegen 0.13/turn               (no ring)
MPRegen 0.13/turn               (no ring)

@: flying quickly and evasively, quick
A: beak, talons 3, nimble flight
a: no special abilities


You were on level 5 of the Dungeon.
You visited 1 branch of the dungeon, and saw 5 of its levels.

You collected 185 gold pieces.
You spent 77 gold pieces at shops.

Inventory:

Hand Weapons
 g - a +0 dagger of venom
Armour
 a - a +0 robe (worn)
 h - a +0 cloak (worn)
Magical Staves
 m - a staff of cold (weapon)
Scrolls
 b - a scroll of fear {unknown}
 c - a scroll of teleportation
 e - a scroll of silence
 k - a scroll of identify
 l - a scroll of magic mapping
 n - 2 scrolls of enchant armour {unknown}
 o - a scroll of holy word {unknown}
 p - a scroll of amnesia {unknown}
Potions
 d - a potion of might
 i - a potion of attraction {unknown}
 j - a potion of heal wounds


   Skills:
 + Level 2.3 Fighting
 - Level 4.0 Dodging
 - Level 3.0 Stealth
 + Level 3.2 Spellcasting
 - Level 2.0 Conjurations
 - Level 9.0 Air Magic


You had 5 spell levels left.
You knew the following spells:

 Your Spells              Type           Power      Damage    Failure   Level
a - Shock                 Conj/Air       84%        1d8       1%          1
b - Airstrike             Air            16%        N/A       4%          4
c - Static Discharge      Conj/Air       21%        N/A       2%          2

Your spell library contained the following spells:

 Spells                   Type           Power      Damage    Failure   Level
 Swiftness                Air            33%        N/A       1%          3
 Tukima's Dance           Hex            2%         N/A       45%         3
 Passage of Golubria      Tloc           2%         N/A       86%         4
 Yara's Violent Unravell  Hex/Tmut       1%         3d3       99%         5


Dungeon Overview and Level Annotations

Branches:
Dungeon (5/15)
 Temple: D:4-7

Altars:

Shops:
D:4 *

Annotations:
D:3 2 transporters, AttackTheMoon's ghost, novice DjTm


Innate Abilities, Weirdness & Mutations

You have a beak for a mouth.
You have claws for feet.
Your magical nature lets you fly swiftly and evasively.


Message History

There is a stone staircase leading down here.
Unknown command.
You start resting.
You feel sick. x6
You are no longer poisoned.
You start resting.
You start resting.
You start resting.
HP restored.
Unknown command.
There is a stone staircase leading down here.
You fly downwards.
There is a stone staircase leading up here.
Unknown command.
Key pressed, stopping explore.
Key pressed, stopping explore.
Key pressed, stopping explore.
The zap hits the acid dragon.
The acid dragon is lightly wounded.
The acid dragon roars!
Casting: Shock (safe; 1% risk of failure)
Confirm with . or Enter, or press ? or * to list all spells.
Aiming: Airstrike (dangerous; 4% risk of failure)
Press: ? - help, Dir - move target, f/p - acid dragon
Aim: an acid dragon (lightly wounded, empty space bonus: 8/8)
The air twists around and strikes the acid dragon!
The acid dragon is heavily wounded.
The acid dragon spits acid at you. The splash of acid hits you!!
Ouch! That really hurt!
Casting: Airstrike (dangerous; 4% risk of failure)
Confirm with . or Enter, or press ? or * to list all spells.
Aiming: Airstrike (dangerous; 4% risk of failure)
Press: ? - help, Dir - move target, f/p - acid dragon
Aim: an acid dragon (heavily wounded, empty space bonus: 8/8)
The air twists around and strikes the acid dragon!
The acid dragon is almost dead.
The acid dragon spits acid at you. The splash of acid hits you!!
Ouch! That really hurt!
You die...

####..#......##...##..
...............#...#..#
.....................#
###..........D...........
#...#.##.................
###..##.##............(....
##........................[.
####.......#...................
###..........###@............#..#
#....^......................##..#
#.....##.......................##
#.....................#.........
##.###....#..#........###......#
### #....#..##...##.## #....###
##.....########## ....##
##.....## ...# ##.......## ..#


You could see an acid dragon (catching breath).

Vanquished Creatures
  Duvessa (D:5)
  A black bear (D:4)
  A bullfrog (D:5)
  A scorpion (D:4)
  Dowan (D:5)
  A howler monkey (D:4)
  A hound (D:4)
  A jelly (D:5)
  2 orc priests (D:3)
  2 orc wizards (D:5)
  Robin (D:1)
  4 adders
  A white imp (D:5)
  12 orcs
  6 ball pythons
  5 bats
  5 endoplasms
  A giant cockroach (D:2)
  5 hobgoblins
  10 jackals
  5 kobolds
  4 quokkas
  5 frilled lizards
  10 goblins
  8 rats
94 creatures vanquished.

Notes
Turn   | Place    | Note
-------+----------+-------------------------------------------
     0 | D:1      | quinnr the Tengu Air Elementalist began the quest for the
                  | Orb.
     0 | D:1      | Reached XP level 1. HP: 10/10 MP: 4/4
   171 | D:1      | Reached XP level 2. HP: 15/15 MP: 0/6
   739 | D:1      | Found a faded altar of an unknown god.
  1231 | D:1      | Reached XP level 3. HP: 19/19 MP: 2/8
  1423 | D:2      | Noticed Robin
  2356 | D:2      | Reached XP level 4. HP: 11/24 MP: 1/9
  2629 | D:2      | Learned a level 4 spell: Airstrike
  2634 | D:2      | Reached skill level 1 in Fighting
  2946 | D:3      | Reached skill level 5 in Air Magic
  3100 | D:3      | Found a transporter.
  3108 | D:3      | Found a transporter.
  3114 | D:3      | Noticed AttackTheMoon's ghost (novice DjTm)
  3568 | D:3      | Gained mutation: Your magical nature lets you fly swiftly
                  | and evasively. [Tengu growth]
  3568 | D:3      | Reached XP level 5. HP: 14/29 MP: 3/10
  3692 | D:3      | Reached skill level 6 in Air Magic
  4228 | D:2      | Learned a level 2 spell: Static Discharge
  4667 | D:1      | Killed Robin
  4895 | D:4      | Reached skill level 7 in Air Magic
  4895 | D:4      | Reached XP level 6. HP: 34/34 MP: 3/11
  5163 | D:4      | Found Moqapikh's General Store.
  5203 | D:4      | Bought a potion of heal wounds for 55 gold pieces
  5203 | D:4      | Bought a scroll of identify for 22 gold pieces
  5271 | D:4      | Noticed a black bear
  5286 | D:4      | Killed a black bear
  5287 | D:4      | Reached skill level 8 in Air Magic
  6113 | D:5      | Entered Level 5 of the Dungeon
  6127 | D:5      | Reached skill level 9 in Air Magic
  6127 | D:5      | Reached XP level 7. HP: 38/38 MP: 5/12
  6250 | D:5      | Noticed Duvessa
  6252 | D:5      | Noticed Dowan
  6253 | D:5      | Killed Duvessa
  6454 | D:5      | Killed Dowan
  7236 | D:5      | Killed from afar by an acid dragon

Illustrated notes

Levels and vault maps discovered:
D:1:      onia_arrival_mini_spirals, layout_loops_corners,
          chequers_ecumenical_altar_twisty
D:2:      layout_basic, serial_bayou_pond_e, minmay_surrounded, uniq_robin
D:3:      layout_loops_ring, gammafunk_ghost_stat_death
D:4:      layout_cave_pods, nicolae_inconvenience_store, minmay_box_of_dots
D:5:      layout_cave_pools, nicolae_overflow_hidden_temple, uniq_duvessa

Skill      XL: |  1  2  3  4  5  6  7 |
---------------+----------------------+-----
Spellcasting   | 3 |  3.2
Fighting       | 1 2 |  2.3
Air Magic      | 5 7 9 |  9.0
Dodging        | 3 4 |  4.0
Conjurations   | 2 |  2.0
Stealth        | 3 |  3.0

Action                   |  1- 3 |  4- 6 |  7- 9 || total
-------------------------+-------+-------+-------++-------
Melee: Staff             |       |       |     2 ||     2
       Peck              |       |       |     1 ||     1
 Cast: Shock             |    85 |    88 |    23 ||   196
       Airstrike         |       |     6 |     6 ||    12
       Static Discharge  |       |       |     3 ||     3
  Use: Scroll            |     3 |     5 |       ||     8
       Potion            |     1 |     1 |     1 ||     3
Armor: Robe              |     6 |     1 |     3 ||    10
Dodge: Dodged            |    21 |    12 |    15 ||    48

Table legend: (Time is in decaauts)
 A = Elapsed time spent in this place.
 B = Non-inter-level travel time spent in this place.
 C = Inter-level travel time spent in this place.
 D = Time resting spent in this place.
 E = Time spent auto-exploring this place.
 F = Levels seen in this place.
 G = Mean time per level.
                   A        B        C        D        E       F      G
               +--------+--------+--------+--------+--------+-----+--------+
         Total |   7051 |   6813 |    238 |   1610 |   4405 |   5 | 1410.2 |
       Dungeon |   7051 |   6813 |    238 |   1610 |   4405 |   5 | 1410.2 |
               +--------+--------+--------+--------+--------+-----+--------+

Top non-repeatable levels by time:
     D:1: 2027 daAuts
     D:4: 1881 daAuts
     D:3: 1454 daAuts
     D:2: 1361 daAuts
     D:5: 327 daAuts
